 Dungeon Crawl Stone Soup version 0.18-a0-1327-gce91241 (webtiles) character file.

84 Reinor the Ducker (level 4, -2/23 HPs)
             Began as a Spriggan Abyssal Knight on Feb 16, 2016.
             Was a Believer of Lugonu.
             Slain by an adder (5 damage)
             ... on level 2 of the Dungeon.
             The game lasted 00:04:37 (2481 turns).

Reinor the Ducker (Spriggan Abyssal Knight)         Turns: 2481, Time: 00:04:37

Health: -2/23      AC:  2    Str:  8    XL:     4   Next: 24%
Magic:  6/6        EV: 19    Int: 14    God:    Lugonu [**....]
Gold:   79         SH:  0    Dex: 15    Spells: 0 memorised, 3 levels left

rFire  . . .     SeeInvis +     a - +1 short sword
rCold  . . .     Gourm    .     b - +0 robe
rNeg   . . .     Faith    .     (shield restricted)
rPois  .         Spirit   .     (helmet restricted)
rElec  .         Dismiss  .     (no cloak)
rCorr  .         Reflect  .     (gloves unavailable)
SustAt .         Harm     .     (boots unavailable)
MR     .....                    (no amulet)
Stlth  +++.......               (no ring)
                                (no ring)

@: very quick, not resistant to hostile enchantments, fairly stealthy
A: unfitting armour, see invisible, herbivore 3, speed 3, slow metabolism 2
a: Depart the Abyss, Bend Space, Renounce Religion


You were on level 2 of the Dungeon.
You worshipped Lugonu.
Lugonu was pleased with you.
You were not hungry.

You visited 1 branch of the dungeon, and saw 2 of its levels.
You visited the Abyss 1 time.

You collected 79 gold pieces.

Inventory:

Hand Weapons
 a - a +1 short sword (weapon)
Missiles
 i - 11 poisoned needles
Armour
 b - a +0 robe (worn)
Jewellery
 f - a cursed -2 ring of intelligence {unknown}
Scrolls
 e - a scroll of blinking
 g - a scroll of identify {unknown}
Potions
 h - 2 potions of heal wounds {unknown}
Comestibles
 c - a bread ration
 d - a slice of pizza


   Skills:
 - Level 2.8 Fighting
 + Level 3.5 Short Blades
 - Level 3.9 Dodging
 + Level 3.1 Stealth
 - Level 1.9 Invocations


You had 3 spell levels left.
You didn't know any spells.

Dungeon Overview and Level Annotations

Branches:
Dungeon (2/15)

Altars:
Makhleb
Xom

Annotations:
D:2 Natasha


Innate Abilities, Weirdness & Mutations

You are tiny and cannot use many weapons and most armour.
You have supernaturally acute eyesight.
You are an herbivore.
You cover ground extremely quickly.
You need consume almost no food.


Message History

* * * LOW HITPOINT WARNING * * *
You are too injured to fight recklessly!
You are too injured to fight recklessly!
You are too injured to fight recklessly!
You are too injured to fight recklessly!
You are too injured to fight recklessly!
You are too injured to fight recklessly!
You barely miss Natasha.
Natasha is moderately wounded.
The adder misses you. x2; The goblin hits you.
* * * LOW HITPOINT WARNING * * *
Natasha barely misses you.
You closely miss Natasha.
Natasha is moderately wounded.
The adder barely misses you.
You hit Natasha.
Natasha is moderately wounded.
Natasha barely misses you. The goblin completely misses you.
The adder bites you.
You die...

##<..)......# #####)......#
............# ###########.#######
...>.............................
....######.####..........########
...()..###'####..........
....##...................
....##...........[.......
....##....(....(.........
....##..........@S.......
#...............gh......
#......###.####..5.(.... #......#
#.# #.[$...... #......# #.#
#......... #......# #.#
###....### ######'# #.# ....# ...
..# ....# ... ### ...#


You could see Natasha, a crimson imp, an adder and a goblin.

Vanquished Creatures
  3 gnolls (D:2)
  An adder (D:2)
  A worm (D:2)
  2 giant geckos (D:1)
  A ball python (D:2)
  A giant cockroach (D:2)
  7 goblins
  3 hobgoblins
  A quokka (D:2)
  5 bats
  A giant cockroach zombie (D:1)
  A giant newt (D:1)
  7 kobolds
  A quokka zombie (D:1)
  11 rats
46 creatures vanquished.

Notes
Turn   | Place    | Note
--------------------------------------------------------------
     0 | Abyss:1  | Reinor the Spriggan Abyssal Knight began the quest for the Orb.
     0 | Abyss:1  | Reached XP level 1. HP: 11/11 MP: 3/3
    28 | Abyss:1  | Found a corrupted altar of Lugonu.
   109 | Abyss:1  | Noticed a small abomination
   145 | Abyss:1  | Noticed a large abomination
   152 | Abyss:1  | Noticed an iron imp
   181 | Abyss:1  | Noticed a small abomination
   188 | Abyss:1  | Noticed a wretched star
   191 | D:1      | Escaped the Abyss
   631 | D:1      | Reached XP level 2. HP: 16/16 MP: 4/4
   692 | D:1      | Reached * piety under Lugonu
  1339 | D:1      | Reached XP level 3. HP: 19/19 MP: 5/5
  1505 | D:2      | Found a burning altar of Makhleb.
  1505 | D:2      | Found a shimmering altar of Xom.
  1531 | D:2      | Reached skill level 1 in Stealth
  1813 | D:2      | Found a faded altar to an unknown god.
  2191 | D:2      | Reached ** piety under Lugonu
  2196 | D:2      | Reached XP level 4. HP: 13/23 MP: 6/6
  2466 | D:2      | Noticed Natasha
  2481 | D:2      | Slain by an adder

Vault maps used:
D:1:      saegor_arrival_fortress, minmay_fountain_box
D:2:      grunt_temple_overflow_open, ecumenical_altar_1, uniq_natasha

Action                   |  1- 3 |  4- 6 || total
-------------------------+-------+-------++-------
Melee: Short sword       |   156 |    16 ||   172
Invok: Depart the Abyss  |     1 |       ||     1
  Use: Potion            |     3 |       ||     3
       Scroll            |     3 |       ||     3
 Stab: Sleeping          |     4 |       ||     4
